Blues vs Coyotes

Created - 3 février 2022 at 16:30

Goals
1 2 3 T
Blues 1 2 0 3
Coyotes 1 1 0 2
Shots
1 2 3 T
Blues 7 15 10 32
Coyotes 8 9 13 30

GoalsPenalties
1st period
1. Coyotes , Pavel Zacha 23 (Sean Monahan 25, Michal Kempny 15) at 11:35
2. Blues , Mats Zuccarello 14 (Mikael Granlund 20, Adam Fox 39) at 19:16 (PP)
Alex DeBrincat (STL) for Tripping (Minor) at 0:10
Michal Kempny (ARI) for Elbowing (Minor) at 17:29
2nd period
3. Blues , Kailer Yamamoto 6 (Vince Dunn 5, Adam Fox 40) at 4:10 (PP)
4. Coyotes , Jesper Bratt 11 (Yegor Sharangovich 15, Andrej Sekera 27) at 12:12
5. Blues , Mikael Granlund 22 (Tyson Barrie 20, Valeri Nichushkin 16) at 16:15
Michael Stone (ARI) for Hooking (Minor) at 2:32
3rd period
No Goal
Miro Heiskanen (ARI) for Hooking (Minor) at 3:55
Nathan Bastian (STL) for Hooking (Minor) at 7:51
Brendan Lemieux (STL) for Hooking (Minor) at 16:06
Michael Del Zotto (STL) for Holding (Minor) at 19:04
Goalie Stats
Thomas Greiss (STL), 28 saves from 30 shots - (0,933), W, 10-10-4, 60:00 minutes
Elvis Merzlikins (ARI), 29 saves from 32 shots - (0,906), L, 4-4-2, 59:01 minutes
3 StarsOfficial
1 - Mikael Granlund (STL)
2 - Adam Fox (STL)
3 - Pavel Zacha (ARI)
Referees : Tom Kowal and Jon Mclsaac
Linesman : Steve Miller and Vaughan Rody
Game Note
No Game Note



Team Name Goals Shots Shots Attemp Shots Blocked PIM HIT PP PK FO%
Blues 33261118212 / 3 (67%)043%
Coyotes 23071106200 / 4 (0%)257%

Blues
Player Name POS G A P +/- PIM HIT SHT SB MP PP MP PP SHT PK MP PK SHT FO% FOT
Adam FoxD0220011521:582:4713:1900% 0
Alex DeBrincatLW/RW0000202016:472:3700:0000% 3
Brendan LemieuxLW/RW000020005:240:0000:0000% 1
Calvin de HaanD0000011119:560:0003:3300% 0
Colin BlackwellC000002108:380:0003:13043% 14
Evan RodriguesC/LW/RW0000000013:180:0000:000100% 2
Kailer YamamotoLW/RW101-1015020:362:4722:59067% 3
Mats ZuccarelloRW101-1004017:372:4710:0000% 0
Michael Del ZottoD0000231119:292:3710:0000% 0
Mikael GranlundC/LW/RW1120027217:122:4700:14022% 18
Nathan BastianRW000021105:240:0000:0000% 0
Nick BjugstadC/RW000-1021017:272:3700:00056% 27
Radko GudasD000-1031018:180:0003:1900% 0
Ross ColtonC/LW/RW0000040013:180:0000:0000% 0
Tyler BozakC/RW0000004016:570:0003:39042% 19
Tyson BarrieD011-1000121:433:1103:3300% 0
Valeri NichushkinLW/RW0110011120:272:3703:3900% 0
Vince DunnD0110002018:352:1310:0000% 0
Coyotes
Player Name POS G A P +/- PIM HIT SHT SB MP PP MP PP SHT PK MP PK SHT FO% FOT
Andrej SekeraD0111021125:173:3202:5800% 0
Boone JennerC/LW0000021114:510:0002:55064% 14
Dante FabbroD0001000016:043:3200:1800% 0
Eetu LuostarinenC000-100003:080:0000:0000% 2
Frank VatranoC/LW/RW0000014012:420:0000:4600% 0
Ilya MikheyevRW0001005318:160:0002:02025% 4
Jay BouwmeesterD000-1010119:110:0002:2800% 0
Jesper BrattLW/RW1011023019:463:2000:000100% 1
Kaapo KakkoRW0000002011:560:0000:0000% 0
Michael StoneD000-1221118:340:0001:5200% 0
Michal KempnyD0111210217:063:2001:3300% 0
Miro HeiskanenD0001223123:453:2021:3900% 0
Nick PaulC/LW000-100005:440:0002:36067% 3
Pavel ZachaC/LW1011025022:023:3212:16075% 4
Robert ThomasC/RW000-100006:413:2000:1300% 0
Ryan JohansenC0001021019:463:2000:00058% 33
Sean MonahanC0111032019:463:3200:00058% 26
Yegor SharangovichC/LW/RW0111002019:583:3200:0000% 0

Blues

5 vs 5 Forward
Line #Left WingCenterRight WingPHYDFOFWanted %Time %Time Play
1Valeri NichushkinMikael GranlundAlex DeBrincat0233030%14:11
2Kailer YamamotoNick BjugstadMats Zuccarello0233031%14:50
3Ross ColtonTyler BozakEvan Rodrigues0322728%13:18
4Brendan LemieuxColin BlackwellNathan Bastian2121311%5:25
5 vs 5 Defense
Line #DefenseDefensePHYDFOFWanted %Time %Time Play
1Adam FoxCalvin de Haan0323433%15:52
2Tyson BarrieRadko Gudas0323331%14:59
3Vince DunnMichael Del Zotto0323334%16:22
4Michael Del ZottoCalvin de Haan03201%0:31
Power Play Forward
Line #Left WingCenterRight WingPHYDFOFWanted %Time %Time Play
1Kailer YamamotoMikael GranlundMats Zuccarello0055052%2:47
2Valeri NichushkinNick BjugstadAlex DeBrincat0055048%2:37
Power Play Defense
Line #DefenseDefensePHYDFOFWanted %Time %Time Play
1Adam FoxVince Dunn0235041%2:13
2Tyson BarrieMichael Del Zotto0235059%3:11
Penalty Kill 4 Players Forward
Line #CenterWingPHYDFOFWanted %Time %Time Play
1Colin BlackwellKailer Yamamoto0325047%3:13
2Tyler BozakValeri Nichushkin0325053%3:39
Penalty Kill 4 Players Defense
Line #DefenseDefensePHYDFOFWanted %Time %Time Play
1Radko GudasAdam Fox0325048%3:19
2Calvin de HaanTyson Barrie0325052%3:33
Penalty Kill 3 Players
Line #WingPHYDFOFWanted %Time %Time PlayDefenseDefensePHYDFOFWanted %Time %Time Play
1Evan Rodrigues041500%0:00 Radko GudasAdam Fox032500%0:00
2Tyler Bozak041500%0:00 Calvin de HaanTyson Barrie032500%0:00
4 vs 4 Forward
Line #CenterWingPHYDFOFWanted %Time %Time Play
1Mikael GranlundAlex DeBrincat023500%0:00
2Nick BjugstadValeri Nichushkin023500%0:00
4 vs 4 Defense
Line #DefensePHYDFOFWanted %Time %Time Play
1Adam FoxVince Dunn032500%0:00
2Tyson BarrieMichael Del Zotto032500%0:00
Last Minutes Offensive
Left WingCenterRight WingDefenseDefense
Kailer YamamotoTyler BozakAlex DeBrincatAdam FoxVince Dunn
Last Minutes Defensive
Left WingCenterRight WingDefenseDefense
Evan RodriguesMikael GranlundValeri NichushkinRadko GudasCalvin de Haan
Time
Total ForwardTotal DefenseLast Minutes OffensiveLast Minutes Defensive
60:00 60:00 0:000:00
Extra Forwards
Normal PowerPlayPenalty Kill
Kailer Yamamoto, Ross Colton, Valeri NichushkinMats Zuccarello, Alex DeBrincatColin Blackwell
Extra Defensemen
Normal PowerPlayPenalty Kill
Adam Fox, Tyson Barrie, Radko GudasAdam Fox, Radko GudasCalvin de Haan
Penalty Shots
Alex DeBrincat, Mikael Granlund, Kailer Yamamoto, Mats Zuccarello, Valeri Nichushkin
Goalie
Thomas Greiss, Pavel Francouz
Custom OT Lines Forwards
Kailer Yamamoto, Alex DeBrincat, Valeri Nichushkin, Mikael Granlund, Mats Zuccarello, Ross Colton, Colin Blackwell, Nick Bjugstad, Evan Rodrigues, Tyler Bozak
Custom OT Lines Defensemen
Adam Fox, Vince Dunn, Calvin de Haan, Radko Gudas, Tyson Barrie
Scratches
Brett Kulak (Healthy), Roman Polak (Healthy)

Coyotes

5 vs 5 Forward
Line #Left WingCenterRight WingPHYDFOFWanted %Time %Time Play
1Pavel ZachaSean MonahanIlya Mikheyev2123534%16:14
2Jesper BrattRyan JohansenYegor Sharangovich1223534%16:26
3Frank VatranoBoone JennerKaapo Kakko1222325%11:56
4Eetu LuostarinenNick PaulRobert Thomas12277%3:08
5 vs 5 Defense
Line #DefenseDefensePHYDFOFWanted %Time %Time Play
1Miro HeiskanenAndrej Sekera1223027%13:01
2Jay BouwmeesterMichael Stone1313035%16:43
3Michal KempnyDante Fabbro1312426%12:14
4Miro HeiskanenAndrej Sekera1221612%5:46
Power Play Forward
Line #Left WingCenterRight WingPHYDFOFWanted %Time %Time Play
1Pavel ZachaSean MonahanYegor Sharangovich1045051%3:32
2Jesper BrattRyan JohansenRobert Thomas1225049%3:20
Power Play Defense
Line #DefenseDefensePHYDFOFWanted %Time %Time Play
1Miro HeiskanenMichal Kempny1225049%3:20
2Dante FabbroAndrej Sekera1225051%3:32
Penalty Kill 4 Players Forward
Line #CenterWingPHYDFOFWanted %Time %Time Play
1Boone JennerIlya Mikheyev1225056%3:00
2Pavel ZachaNick Paul1225044%2:24
Penalty Kill 4 Players Defense
Line #DefenseDefensePHYDFOFWanted %Time %Time Play
1Jay BouwmeesterAndrej Sekera1225046%2:28
2Michael StoneMiro Heiskanen1225054%2:56
Penalty Kill 3 Players
Line #WingPHYDFOFWanted %Time %Time PlayDefenseDefensePHYDFOFWanted %Time %Time Play
1Boone Jenner122500%0:00 Jay BouwmeesterAndrej Sekera122500%0:00
2Nick Paul122500%0:00 Michael StoneMiro Heiskanen122500%0:00
4 vs 4 Forward
Line #CenterWingPHYDFOFWanted %Time %Time Play
1Ryan JohansenJesper Bratt122500%0:00
2Sean MonahanPavel Zacha122500%0:00
4 vs 4 Defense
Line #DefensePHYDFOFWanted %Time %Time Play
1Miro HeiskanenAndrej Sekera122500%0:00
2Jay BouwmeesterMichael Stone122500%0:00
Last Minutes Offensive
Left WingCenterRight WingDefenseDefense
Pavel ZachaSean MonahanJesper BrattMiro HeiskanenAndrej Sekera
Last Minutes Defensive
Left WingCenterRight WingDefenseDefense
Boone JennerPavel ZachaIlya MikheyevJay BouwmeesterAndrej Sekera
Time
Total ForwardTotal DefenseLast Minutes OffensiveLast Minutes Defensive
60:00 60:00 0:000:00
Extra Forwards
Normal PowerPlayPenalty Kill
Jesper Bratt, Boone Jenner, Nick PaulRyan Johansen, Boone JennerNick Paul
Extra Defensemen
Normal PowerPlayPenalty Kill
Jay Bouwmeester, Dante Fabbro, Miro HeiskanenJay Bouwmeester, Michael StoneMichal Kempny
Penalty Shots
Jesper Bratt, Sean Monahan, Yegor Sharangovich, Ryan Johansen, Robert Thomas
Goalie
Elvis Merzlikins, Tuukka Rask
Custom OT Lines Forwards
Ryan Johansen, Jesper Bratt, Sean Monahan, Pavel Zacha, Yegor Sharangovich, Boone Jenner, Ilya Mikheyev, Frank Vatrano, Nick Paul, Eetu Luostarinen
Custom OT Lines Defensemen
Miro Heiskanen, Andrej Sekera, Michael Stone, Jay Bouwmeester, Dante Fabbro
Scratches
Kiefer Sherwood (Healthy), Kevan Miller (Healthy)


Play-by-Play

1st period


0:01 of 1st period - Ilya Mikheyev wins face-off versus Alex DeBrincat in neutral zone.
0:01 of 1st period - Miro Heiskanen is hit by Mikael Granlund and loses puck.
0:10 of 1st period - Minor Penalty to Alex DeBrincat for Tripping.
0:11 of 1st period - Colin Blackwell wins face-off versus Ryan Johansen in Blues zone.
0:29 of 1st period - Shot by Jesper Bratt.
0:29 of 1st period - Shot Blocked by Calvin de Haan.
0:53 of 1st period - Shot by Ryan Johansen.
0:53 of 1st period - Shot Misses the Net.
2:24 of 1st period - Shot by Kaapo Kakko.
2:24 of 1st period - Shot Misses the Net.
2:26 of 1st period - Shot by Frank Vatrano.
2:26 of 1st period - Stopped by Thomas Greiss without a rebound.
2:27 of 1st period - Boone Jenner wins face-off versus Tyler Bozak in Blues zone.
2:42 of 1st period - Shot by Tyler Bozak.
2:42 of 1st period - Shot Misses the Net.
2:44 of 1st period - Shot by Ross Colton.
2:44 of 1st period - Shot Misses the Net.
2:57 of 1st period - Shot by Tyler Bozak.
2:57 of 1st period - Stopped by Elvis Merzlikins without a rebound.
2:58 of 1st period - Sean Monahan wins face-off versus Mikael Granlund in Coyotes zone.
3:03 of 1st period - Pavel Zacha is hit by Mikael Granlund and loses puck.
3:13 of 1st period - Icing by Andrej Sekera.
3:14 of 1st period - Sean Monahan wins face-off versus Colin Blackwell in Coyotes zone.
3:14 of 1st period - Sean Monahan is hit by Colin Blackwell.
3:30 of 1st period - Shot by Sean Monahan.
3:30 of 1st period - Shot Blocked by Adam Fox.
3:45 of 1st period - Andrej Sekera is hit by Colin Blackwell and loses puck.
4:09 of 1st period - Icing by Calvin de Haan.
4:10 of 1st period - Ryan Johansen wins face-off versus Colin Blackwell in Blues zone.
5:22 of 1st period - Shot by Boone Jenner.
5:22 of 1st period - Stopped by Thomas Greiss with a rebound.
5:24 of 1st period - Shot by Michael Stone.
5:24 of 1st period - Stopped by Thomas Greiss with a rebound.
6:06 of 1st period - Shot by Sean Monahan.
6:06 of 1st period - Deflect By Ilya Mikheyev.
6:06 of 1st period - Stopped by Thomas Greiss without a rebound.
6:07 of 1st period - Mikael Granlund wins face-off versus Sean Monahan in Blues zone.
6:07 of 1st period - Mikael Granlund is hit by Sean Monahan.
6:21 of 1st period - Shot by Alex DeBrincat.
6:21 of 1st period - Deflect By Mikael Granlund.
6:21 of 1st period - Shot Misses the Net.
6:23 of 1st period - Shot by Vince Dunn.
6:23 of 1st period - Shot Blocked by Andrej Sekera.
6:25 of 1st period - Shot by Mikael Granlund.
6:25 of 1st period - Shot Blocked by Miro Heiskanen.
6:27 of 1st period - Shot by Mikael Granlund.
6:27 of 1st period - Shot Misses the Net.
6:29 of 1st period - Shot by Mikael Granlund.
6:29 of 1st period - Shot Misses the Net.
6:32 of 1st period - Alex DeBrincat is hit by Miro Heiskanen and loses puck.
6:39 of 1st period - Shot by Alex DeBrincat.
6:39 of 1st period - Deflect By Mikael Granlund.
6:39 of 1st period - Stopped by Elvis Merzlikins without a rebound.
6:40 of 1st period - Tyler Bozak wins face-off versus Nick Paul in Coyotes zone.
6:40 of 1st period - Ross Colton is hit by Michal Kempny and loses puck.
6:51 of 1st period - Eetu Luostarinen is hit by Ross Colton and loses puck.
7:25 of 1st period - Icing by Radko Gudas.
7:26 of 1st period - Ryan Johansen wins face-off versus Mikael Granlund in Blues zone.
7:47 of 1st period - Shot by Jesper Bratt.
7:47 of 1st period - Shot Misses the Net.
7:49 of 1st period - Shot by Ryan Johansen.
7:49 of 1st period - Shot Misses the Net.
7:51 of 1st period - Shot by Miro Heiskanen.
7:51 of 1st period - Shot Misses the Net.
8:01 of 1st period - Shot by Ryan Johansen.
8:01 of 1st period - Shot Misses the Net.
8:08 of 1st period - Tyson Barrie is hit by Miro Heiskanen and loses puck.
8:20 of 1st period - Off-side.
8:21 of 1st period - Kailer Yamamoto wins face-off versus Sean Monahan in neutral zone.
8:32 of 1st period - Shot by Sean Monahan.
8:32 of 1st period - Shot Misses the Net.
8:40 of 1st period - Michael Stone is hit by Nick Bjugstad and loses puck.
8:55 of 1st period - Shot by Kailer Yamamoto.
8:55 of 1st period - Shot Misses the Net.
8:57 of 1st period - Shot by Kailer Yamamoto.
8:57 of 1st period - Shot Blocked by Michael Stone.
8:59 of 1st period - Shot by Nick Bjugstad.
8:59 of 1st period - Shot Misses the Net.
9:43 of 1st period - Shot by Frank Vatrano.
9:43 of 1st period - Stopped by Thomas Greiss with a rebound.
10:22 of 1st period - Shot by Miro Heiskanen.
10:22 of 1st period - Shot Misses the Net.
10:25 of 1st period - Icing by Tyson Barrie.
10:26 of 1st period - Nick Paul wins face-off versus Mikael Granlund in Blues zone.
10:45 of 1st period - Shot by Mikael Granlund.
10:45 of 1st period - Stopped by Elvis Merzlikins with a rebound.
10:47 of 1st period - Shot by Mikael Granlund.
10:47 of 1st period - Stopped by Elvis Merzlikins without a rebound.
10:48 of 1st period - Ryan Johansen wins face-off versus Colin Blackwell in Coyotes zone.
10:55 of 1st period - Shot by Jesper Bratt.
10:55 of 1st period - Shot Misses the Net.
11:07 of 1st period - Shot by Colin Blackwell.
11:07 of 1st period - Stopped by Elvis Merzlikins without a rebound.
11:08 of 1st period - Nick Bjugstad wins face-off versus Sean Monahan in Coyotes zone.
11:17 of 1st period - Shot by Mats Zuccarello.
11:17 of 1st period - Shot Misses the Net.
11:29 of 1st period - Shot by Ilya Mikheyev.
11:29 of 1st period - Shot Misses the Net.
11:35 of 1st period - Shot by Pavel Zacha.
11:35 of 1st period - Goal by Pavel Zacha - Blues : 0 - Coyotes : 1.
11:36 of 1st period - Ryan Johansen wins face-off versus Tyler Bozak in neutral zone.
11:45 of 1st period - Shot by Yegor Sharangovich.
11:45 of 1st period - Stopped by Thomas Greiss without a rebound.
11:46 of 1st period - Boone Jenner wins face-off versus Mikael Granlund in Blues zone.
11:55 of 1st period - Shot by Boone Jenner.
11:55 of 1st period - Shot Blocked by Adam Fox.
11:57 of 1st period - Shot by Frank Vatrano.
11:57 of 1st period - Shot Blocked by Adam Fox.
12:20 of 1st period - Shot by Frank Vatrano.
12:20 of 1st period - Shot Misses the Net.
12:22 of 1st period - Shot by Frank Vatrano.
12:22 of 1st period - Stopped by Thomas Greiss with a rebound.
12:52 of 1st period - Shot by Jesper Bratt.
12:52 of 1st period - Shot Blocked by Valeri Nichushkin.
14:02 of 1st period - Icing by Andrej Sekera.
14:03 of 1st period - Nick Bjugstad wins face-off versus Ryan Johansen in Coyotes zone.
17:29 of 1st period - Minor Penalty to Michal Kempny for Elbowing.
17:30 of 1st period - Boone Jenner wins face-off versus Mikael Granlund in Coyotes zone.
17:56 of 1st period - Tyson Barrie is hit by Frank Vatrano and loses puck.
18:30 of 1st period - Icing by Valeri Nichushkin.
18:31 of 1st period - Pavel Zacha wins face-off versus Nick Bjugstad in Blues zone.
19:16 of 1st period - Shot by Mats Zuccarello.
19:16 of 1st period - Goal by Mats Zuccarello - Blues : 1 - Coyotes : 1.
19:17 of 1st period - Tyler Bozak wins face-off versus Ryan Johansen in neutral zone.
19:20 of 1st period - Shot by Evan Rodrigues.
19:20 of 1st period - Deflect By Tyler Bozak.
19:20 of 1st period - Stopped by Elvis Merzlikins without a rebound.
19:21 of 1st period - Ryan Johansen wins face-off versus Tyler Bozak in Coyotes zone.
Goals for this period are 1 for Blues vs 1 for Coyotes.
Shots for this period are 7 for Blues vs 8 for Coyotes.

2nd period


0:01 of 2nd period - Sean Monahan wins face-off versus Nick Bjugstad in neutral zone.
0:23 of 2nd period - Shot by Mats Zuccarello.
0:23 of 2nd period - Shot Blocked by Ilya Mikheyev.
0:25 of 2nd period - Shot by Radko Gudas.
0:25 of 2nd period - Deflect By Mats Zuccarello.
0:25 of 2nd period - Stopped by Elvis Merzlikins without a rebound.
0:26 of 2nd period - Ryan Johansen wins face-off versus Alex DeBrincat in Coyotes zone.
0:37 of 2nd period - Shot by Ryan Johansen.
0:37 of 2nd period - Shot Misses the Net.
0:39 of 2nd period - Shot by Jay Bouwmeester.
0:39 of 2nd period - Shot Misses the Net.
0:47 of 2nd period - Shot by Jesper Bratt.
0:47 of 2nd period - Stopped by Thomas Greiss without a rebound.
0:48 of 2nd period - Nick Bjugstad wins face-off versus Ilya Mikheyev in Blues zone.
0:48 of 2nd period - Nick Bjugstad is hit by Sean Monahan.
1:23 of 2nd period - Tyson Barrie is hit by Sean Monahan and loses puck.
2:10 of 2nd period - Shot by Alex DeBrincat.
2:10 of 2nd period - Stopped by Elvis Merzlikins without a rebound.
2:11 of 2nd period - Tyler Bozak wins face-off versus Ryan Johansen in Coyotes zone.
2:11 of 2nd period - Tyler Bozak is hit by Michael Stone.
2:16 of 2nd period - Tyler Bozak is hit by Michael Stone and loses puck.
2:32 of 2nd period - Minor Penalty to Michael Stone for Hooking.
2:33 of 2nd period - Pavel Zacha wins face-off versus Nick Bjugstad in Coyotes zone.
2:56 of 2nd period - Shot by Tyson Barrie.
2:56 of 2nd period - Shot Blocked by Boone Jenner.
2:58 of 2nd period - Shot by Michael Del Zotto.
2:58 of 2nd period - Stopped by Elvis Merzlikins with a rebound.
3:05 of 2nd period - Alex DeBrincat is hit by Andrej Sekera and loses puck.
3:25 of 2nd period - Mikael Granlund is hit by Jay Bouwmeester and loses puck.
3:32 of 2nd period - Shot by Adam Fox.
3:32 of 2nd period - Shot Blocked by Jay Bouwmeester.
3:34 of 2nd period - Shot by Adam Fox.
3:34 of 2nd period - Stopped by Elvis Merzlikins without a rebound.
3:35 of 2nd period - Mikael Granlund wins face-off versus Pavel Zacha in Coyotes zone.
4:06 of 2nd period - Shot by Adam Fox.
4:06 of 2nd period - Shot Misses the Net.
4:08 of 2nd period - Shot by Vince Dunn.
4:08 of 2nd period - Stopped by Elvis Merzlikins with a rebound.
4:10 of 2nd period - Shot by Kailer Yamamoto.
4:10 of 2nd period - Goal by Kailer Yamamoto - Blues : 2 - Coyotes : 1.
4:11 of 2nd period - Ryan Johansen wins face-off versus Tyler Bozak in neutral zone.
4:28 of 2nd period - Icing by Tyson Barrie.
4:29 of 2nd period - Evan Rodrigues wins face-off versus Sean Monahan in Blues zone.
4:58 of 2nd period - Jay Bouwmeester is hit by Ross Colton and loses puck.
5:35 of 2nd period - Shot by Mikael Granlund.
5:35 of 2nd period - Stopped by Elvis Merzlikins without a rebound.
5:36 of 2nd period - Nick Bjugstad wins face-off versus Ryan Johansen in Coyotes zone.
5:47 of 2nd period - Shot by Nick Bjugstad.
5:47 of 2nd period - Stopped by Elvis Merzlikins without a rebound.
5:48 of 2nd period - Boone Jenner wins face-off versus Colin Blackwell in Coyotes zone.
6:09 of 2nd period - Shot by Kaapo Kakko.
6:09 of 2nd period - Stopped by Thomas Greiss without a rebound.
6:10 of 2nd period - Nick Bjugstad wins face-off versus Ryan Johansen in Blues zone.
6:10 of 2nd period - Nick Bjugstad is hit by Ryan Johansen.
6:15 of 2nd period - Off-side.
6:16 of 2nd period - Ryan Johansen wins face-off versus Nick Bjugstad in neutral zone.
7:29 of 2nd period - Shot by Mikael Granlund.
7:29 of 2nd period - Shot Hit the Post.
8:25 of 2nd period - Shot by Tyler Bozak.
8:25 of 2nd period - Shot Blocked by Michal Kempny.
8:29 of 2nd period - Shot by Ross Colton.
8:29 of 2nd period - Shot Misses the Net.
8:33 of 2nd period - Shot by Tyler Bozak.
8:33 of 2nd period - Stopped by Elvis Merzlikins without a rebound.
8:34 of 2nd period - Nick Paul wins face-off versus Brendan Lemieux in Coyotes zone.
9:05 of 2nd period - Shot by Brendan Lemieux.
9:05 of 2nd period - Shot Misses the Net.
9:07 of 2nd period - Shot by Nathan Bastian.
9:07 of 2nd period - Stopped by Elvis Merzlikins without a rebound.
9:08 of 2nd period - Ryan Johansen wins face-off versus Tyler Bozak in Coyotes zone.
9:08 of 2nd period - Ryan Johansen is hit by Ross Colton.
9:15 of 2nd period - Shot by Ryan Johansen.
9:15 of 2nd period - Shot Misses the Net.
9:32 of 2nd period - Icing by Jesper Bratt.
9:33 of 2nd period - Ryan Johansen wins face-off versus Mikael Granlund in Coyotes zone.
9:42 of 2nd period - Shot by Jesper Bratt.
9:42 of 2nd period - Shot Misses the Net.
9:58 of 2nd period - Shot by Vince Dunn.
9:58 of 2nd period - Stopped by Elvis Merzlikins without a rebound.
9:59 of 2nd period - Nick Bjugstad wins face-off versus Sean Monahan in Coyotes zone.
10:04 of 2nd period - Shot by Mats Zuccarello.
10:04 of 2nd period - Deflect By Kailer Yamamoto.
10:04 of 2nd period - Stopped by Elvis Merzlikins without a rebound.
10:05 of 2nd period - Sean Monahan wins face-off versus Nick Bjugstad in Coyotes zone.
10:23 of 2nd period - Off-side.
10:24 of 2nd period - Boone Jenner wins face-off versus Mikael Granlund in neutral zone.
10:43 of 2nd period - Shot by Kaapo Kakko.
10:43 of 2nd period - Stopped by Thomas Greiss with a rebound.
10:45 of 2nd period - Shot by Andrej Sekera.
10:45 of 2nd period - Stopped by Thomas Greiss with a rebound.
10:47 of 2nd period - Shot by Frank Vatrano.
10:47 of 2nd period - Shot Misses the Net.
10:49 of 2nd period - Shot by Miro Heiskanen.
10:49 of 2nd period - Stopped by Thomas Greiss without a rebound.
10:50 of 2nd period - Nick Bjugstad wins face-off versus Ilya Mikheyev in Blues zone.
11:47 of 2nd period - Yegor Sharangovich is hit by Nick Bjugstad and loses puck.
12:04 of 2nd period - Shot by Jesper Bratt.
12:04 of 2nd period - Shot Blocked by Mikael Granlund.
12:10 of 2nd period - Shot by Jesper Bratt.
12:10 of 2nd period - Shot Misses the Net.
12:12 of 2nd period - Shot by Jesper Bratt.
12:12 of 2nd period - Goal by Jesper Bratt - Blues : 2 - Coyotes : 2.
12:13 of 2nd period - Boone Jenner wins face-off versus Tyler Bozak in neutral zone.
12:17 of 2nd period - Icing by Tyler Bozak.
12:18 of 2nd period - Tyler Bozak wins face-off versus Boone Jenner in Blues zone.
12:18 of 2nd period - Tyler Bozak is hit by Boone Jenner.
12:38 of 2nd period - Shot by Frank Vatrano.
12:38 of 2nd period - Stopped by Thomas Greiss without a rebound.
12:39 of 2nd period - Ryan Johansen wins face-off versus Mikael Granlund in Blues zone.
12:39 of 2nd period - Yegor Sharangovich is hit by Radko Gudas and loses puck.
12:42 of 2nd period - Shot by Ryan Johansen.
12:42 of 2nd period - Shot Misses the Net.
12:44 of 2nd period - Shot by Andrej Sekera.
12:44 of 2nd period - Shot Misses the Net.
12:46 of 2nd period - Shot by Jesper Bratt.
12:46 of 2nd period - Stopped by Thomas Greiss without a rebound.
12:47 of 2nd period - Jesper Bratt wins face-off versus Mikael Granlund in Blues zone.
12:51 of 2nd period - Ryan Johansen is hit by Radko Gudas and loses puck.
13:09 of 2nd period - Shot by Ryan Johansen.
13:09 of 2nd period - Shot Misses the Net.
13:26 of 2nd period - Jesper Bratt is hit by Radko Gudas and loses puck.
13:59 of 2nd period - Shot by Ross Colton.
13:59 of 2nd period - Shot Blocked by Ilya Mikheyev.
14:07 of 2nd period - Shot by Ross Colton.
14:07 of 2nd period - Shot Hit the Post.
15:45 of 2nd period - Shot by Kailer Yamamoto.
15:45 of 2nd period - Deflect By Mats Zuccarello.
15:45 of 2nd period - Shot Misses the Net.
15:47 of 2nd period - Shot by Kailer Yamamoto.
15:47 of 2nd period - Shot Misses the Net.
16:01 of 2nd period - Shot by Mats Zuccarello.
16:01 of 2nd period - Stopped by Elvis Merzlikins without a rebound.
16:02 of 2nd period - Mikael Granlund wins face-off versus Eetu Luostarinen in Coyotes zone.
16:15 of 2nd period - Shot by Mikael Granlund.
16:15 of 2nd period - Goal by Mikael Granlund - Blues : 3 - Coyotes : 2.
16:16 of 2nd period - Nick Bjugstad wins face-off versus Sean Monahan in neutral zone.
16:24 of 2nd period - Off-side.
16:25 of 2nd period - Nick Bjugstad wins face-off versus Sean Monahan in neutral zone.
16:27 of 2nd period - Adam Fox is hit by Andrej Sekera and loses puck.
16:31 of 2nd period - Icing by Andrej Sekera.
16:32 of 2nd period - Sean Monahan wins face-off versus Nick Bjugstad in Coyotes zone.
16:36 of 2nd period - Ilya Mikheyev is hit by Calvin de Haan.
16:42 of 2nd period - Shot by Pavel Zacha.
16:42 of 2nd period - Stopped by Thomas Greiss without a rebound.
16:43 of 2nd period - Ryan Johansen wins face-off versus Alex DeBrincat in Blues zone.
16:50 of 2nd period - Shot by Mikael Granlund.
16:50 of 2nd period - Stopped by Elvis Merzlikins without a rebound.
16:51 of 2nd period - Sean Monahan wins face-off versus Nick Bjugstad in Coyotes zone.
16:51 of 2nd period - Sean Monahan is hit by Kailer Yamamoto.
16:57 of 2nd period - Adam Fox is hit by Pavel Zacha and loses puck.
17:41 of 2nd period - Icing by Adam Fox.
17:42 of 2nd period - Nick Bjugstad wins face-off versus Ryan Johansen in Blues zone.
18:24 of 2nd period - Icing by Jay Bouwmeester.
18:25 of 2nd period - Colin Blackwell wins face-off versus Ryan Johansen in Coyotes zone.
Goals for this period are 2 for Blues vs 1 for Coyotes.
Shots for this period are 15 for Blues vs 9 for Coyotes.

3rd period


0:01 of 3rd period - Mikael Granlund wins face-off versus Ryan Johansen in neutral zone.
0:08 of 3rd period - Shot by Alex DeBrincat.
0:08 of 3rd period - Shot Misses the Net.
0:10 of 3rd period - Shot by Mikael Granlund.
0:10 of 3rd period - Shot Misses the Net.
0:12 of 3rd period - Shot by Radko Gudas.
0:12 of 3rd period - Stopped by Elvis Merzlikins without a rebound.
0:13 of 3rd period - Tyler Bozak wins face-off versus Sean Monahan in Coyotes zone.
0:20 of 3rd period - Shot by Pavel Zacha.
0:20 of 3rd period - Deflect By Sean Monahan.
0:20 of 3rd period - Shot Misses the Net.
0:23 of 3rd period - Icing by Adam Fox.
0:24 of 3rd period - Tyler Bozak wins face-off versus Ryan Johansen in Blues zone.
0:43 of 3rd period - Calvin de Haan is hit by Jesper Bratt and loses puck.
0:52 of 3rd period - Shot by Tyler Bozak.
0:52 of 3rd period - Stopped by Elvis Merzlikins without a rebound.
0:53 of 3rd period - Sean Monahan wins face-off versus Mikael Granlund in Coyotes zone.
1:04 of 3rd period - Shot by Pavel Zacha.
1:04 of 3rd period - Stopped by Thomas Greiss without a rebound.
1:05 of 3rd period - Boone Jenner wins face-off versus Nick Bjugstad in Blues zone.
2:06 of 3rd period - Shot by Alex DeBrincat.
2:06 of 3rd period - Shot Misses the Net.
2:08 of 3rd period - Shot by Valeri Nichushkin.
2:08 of 3rd period - Stopped by Elvis Merzlikins without a rebound.
2:09 of 3rd period - Tyler Bozak wins face-off versus Sean Monahan in Coyotes zone.
2:36 of 3rd period - Shot by Ilya Mikheyev.
2:36 of 3rd period - Stopped by Thomas Greiss with a rebound.
2:38 of 3rd period - Shot by Pavel Zacha.
2:38 of 3rd period - Shot Misses the Net.
2:40 of 3rd period - Shot by Sean Monahan.
2:40 of 3rd period - Stopped by Thomas Greiss without a rebound.
2:41 of 3rd period - Ryan Johansen wins face-off versus Mikael Granlund in Blues zone.
3:06 of 3rd period - Shot by Alex DeBrincat.
3:06 of 3rd period - Stopped by Elvis Merzlikins without a rebound.
3:07 of 3rd period - Nick Bjugstad wins face-off versus Eetu Luostarinen in Coyotes zone.
3:15 of 3rd period - Off-side.
3:16 of 3rd period - Evan Rodrigues wins face-off versus Sean Monahan in neutral zone.
3:23 of 3rd period - Sean Monahan is hit by Ross Colton and loses puck.
3:55 of 3rd period - Minor Penalty to Miro Heiskanen for Hooking.
3:56 of 3rd period - Pavel Zacha wins face-off versus Nick Bjugstad in Coyotes zone.
3:56 of 3rd period - Pavel Zacha is hit by Valeri Nichushkin.
4:05 of 3rd period - Nick Bjugstad is hit by Boone Jenner and loses puck.
4:33 of 3rd period - Shot by Nick Bjugstad.
4:33 of 3rd period - Shot Misses the Net.
5:07 of 3rd period - Shot by Vince Dunn.
5:07 of 3rd period - Shot Blocked by Ilya Mikheyev.
5:09 of 3rd period - Shot by Adam Fox.
5:09 of 3rd period - Deflect By Kailer Yamamoto.
5:09 of 3rd period - Stopped by Elvis Merzlikins without a rebound.
5:10 of 3rd period - Kailer Yamamoto wins face-off versus Boone Jenner in Coyotes zone.
6:09 of 3rd period - Shot by Ryan Johansen.
6:09 of 3rd period - Stopped by Thomas Greiss without a rebound.
6:10 of 3rd period - Colin Blackwell wins face-off versus Boone Jenner in Blues zone.
6:15 of 3rd period - Shot by Calvin de Haan.
6:15 of 3rd period - Stopped by Elvis Merzlikins without a rebound.
6:16 of 3rd period - Ryan Johansen wins face-off versus Tyler Bozak in Coyotes zone.
6:21 of 3rd period - Shot by Jesper Bratt.
6:21 of 3rd period - Shot Misses the Net.
6:40 of 3rd period - Icing by Jay Bouwmeester.
6:41 of 3rd period - Ryan Johansen wins face-off versus Mikael Granlund in Coyotes zone.
7:29 of 3rd period - Shot by Ilya Mikheyev.
7:29 of 3rd period - Stopped by Thomas Greiss without a rebound.
7:30 of 3rd period - Nick Bjugstad wins face-off versus Boone Jenner in Blues zone.
7:45 of 3rd period - Shot by Kailer Yamamoto.
7:45 of 3rd period - Deflect By Mats Zuccarello.
7:45 of 3rd period - Stopped by Elvis Merzlikins without a rebound.
7:46 of 3rd period - Sean Monahan wins face-off versus Colin Blackwell in Coyotes zone.
7:46 of 3rd period - Miro Heiskanen is hit by Nathan Bastian and loses puck.
7:51 of 3rd period - Minor Penalty to Nathan Bastian for Hooking.
7:52 of 3rd period - Sean Monahan wins face-off versus Colin Blackwell in Blues zone.
9:26 of 3rd period - Icing by Robert Thomas.
9:27 of 3rd period - Ryan Johansen wins face-off versus Colin Blackwell in Coyotes zone.
10:02 of 3rd period - Off-side.
10:03 of 3rd period - Boone Jenner wins face-off versus Nick Bjugstad in neutral zone.
10:27 of 3rd period - Boone Jenner is hit by Michael Del Zotto and loses puck.
10:35 of 3rd period - Kaapo Kakko is hit by Michael Del Zotto and loses puck.
10:49 of 3rd period - Icing by Michael Del Zotto.
10:50 of 3rd period - Nick Bjugstad wins face-off versus Sean Monahan in Blues zone.
11:04 of 3rd period - Icing by Michael Del Zotto.
11:05 of 3rd period - Ryan Johansen wins face-off versus Nick Bjugstad in Blues zone.
12:09 of 3rd period - Off-side.
12:10 of 3rd period - Sean Monahan wins face-off versus Tyler Bozak in neutral zone.
12:44 of 3rd period - Icing by Ross Colton.
12:45 of 3rd period - Boone Jenner wins face-off versus Tyler Bozak in Blues zone.
13:13 of 3rd period - Shot by Boone Jenner.
13:13 of 3rd period - Shot Misses the Net.
13:15 of 3rd period - Shot by Michael Stone.
13:15 of 3rd period - Shot Blocked by Adam Fox.
13:43 of 3rd period - Shot by Mikael Granlund.
13:43 of 3rd period - Stopped by Elvis Merzlikins without a rebound.
13:44 of 3rd period - Sean Monahan wins face-off versus Mikael Granlund in Coyotes zone.
14:07 of 3rd period - Shot by Ilya Mikheyev.
14:07 of 3rd period - Shot Blocked by Mikael Granlund.
14:09 of 3rd period - Shot by Sean Monahan.
14:09 of 3rd period - Shot Misses the Net.
14:11 of 3rd period - Shot by Pavel Zacha.
14:11 of 3rd period - Shot Misses the Net.
14:15 of 3rd period - Shot by Sean Monahan.
14:15 of 3rd period - Stopped by Thomas Greiss with a rebound.
14:19 of 3rd period - Shot by Sean Monahan.
14:19 of 3rd period - Shot Blocked by Tyson Barrie.
14:21 of 3rd period - Shot by Ilya Mikheyev.
14:21 of 3rd period - Stopped by Thomas Greiss without a rebound.
14:22 of 3rd period - Nick Bjugstad wins face-off versus Ryan Johansen in Blues zone.
14:24 of 3rd period - Icing by Kailer Yamamoto.
14:25 of 3rd period - Ryan Johansen wins face-off versus Kailer Yamamoto in Blues zone.
14:28 of 3rd period - Shot by Yegor Sharangovich.
14:28 of 3rd period - Shot Blocked by Michael Del Zotto.
14:42 of 3rd period - Shot by Kailer Yamamoto.
14:42 of 3rd period - Shot Blocked by Michal Kempny.
14:44 of 3rd period - Shot by Kailer Yamamoto.
14:44 of 3rd period - Stopped by Elvis Merzlikins without a rebound.
14:45 of 3rd period - Sean Monahan wins face-off versus Colin Blackwell in Coyotes zone.
14:54 of 3rd period - Shot by Pavel Zacha.
14:54 of 3rd period - Stopped by Thomas Greiss without a rebound.
14:55 of 3rd period - Ryan Johansen wins face-off versus Mikael Granlund in Blues zone.
14:55 of 3rd period - Miro Heiskanen is hit by Adam Fox and loses puck.
15:03 of 3rd period - Alex DeBrincat is hit by Jesper Bratt and loses puck.
15:34 of 3rd period - Shot by Yegor Sharangovich.
15:34 of 3rd period - The goal is going for a video replay.
15:34 of 3rd period - The goal is refused.
15:35 of 3rd period - Nick Bjugstad wins face-off versus Ilya Mikheyev in Blues zone.
15:35 of 3rd period - Nick Bjugstad is hit by Pavel Zacha.
15:41 of 3rd period - Shot by Kailer Yamamoto.
15:41 of 3rd period - Stopped by Elvis Merzlikins without a rebound.
15:42 of 3rd period - Sean Monahan wins face-off versus Nick Bjugstad in Coyotes zone.
15:53 of 3rd period - Shot by Ilya Mikheyev.
15:53 of 3rd period - Stopped by Thomas Greiss without a rebound.
15:54 of 3rd period - Colin Blackwell wins face-off versus Boone Jenner in Blues zone.
16:06 of 3rd period - Minor Penalty to Brendan Lemieux for Hooking.
16:07 of 3rd period - Sean Monahan wins face-off versus Tyler Bozak in Blues zone.
17:41 of 3rd period - Shot by Miro Heiskanen.
17:41 of 3rd period - Shot Misses the Net.
17:43 of 3rd period - Shot by Miro Heiskanen.
17:43 of 3rd period - Stopped by Thomas Greiss without a rebound.
17:44 of 3rd period - Tyler Bozak wins face-off versus Ryan Johansen in Blues zone.
17:44 of 3rd period - Tyler Bozak is hit by Ryan Johansen.
18:16 of 3rd period - Kaapo Kakko is hit by Michael Del Zotto and loses puck.
18:43 of 3rd period - Shot by Frank Vatrano.
18:43 of 3rd period - Shot Misses the Net.
19:01 of 3rd period - Coyotes, Elvis Merzlikins is pulled from the net.
19:04 of 3rd period - Minor Penalty to Michael Del Zotto for Holding.
19:05 of 3rd period - Sean Monahan wins face-off versus Tyler Bozak in Blues zone.
19:40 of 3rd period - Shot by Sean Monahan.
19:40 of 3rd period - Shot Misses the Net.
19:42 of 3rd period - Shot by Pavel Zacha.
19:42 of 3rd period - Shot Blocked by Adam Fox.
19:44 of 3rd period - Shot by Pavel Zacha.
19:44 of 3rd period - Stopped by Thomas Greiss without a rebound.
19:45 of 3rd period - Colin Blackwell wins face-off versus Ryan Johansen in Blues zone.
19:56 of 3rd period - Shot by Ryan Johansen.
19:56 of 3rd period - Shot Misses the Net.
19:58 of 3rd period - Shot by Miro Heiskanen.
19:58 of 3rd period - Stopped by Thomas Greiss without a rebound.
19:59 of 3rd period - Colin Blackwell wins face-off versus Ryan Johansen in Blues zone.
Goals for this period are 0 for Blues vs 0 for Coyotes.
Shots for this period are 10 for Blues vs 13 for Coyotes.




Output by the SimonT Hockey Simulator (STHS) for Eric Henault - Original Page W3C HTML5 Valid
Hockey Simulator - Hockey Simulation - Hockey Manager